 Dungeon Sprint DCSS version 0.24.0-35-gdb84b6a5db (webtiles) character file.

Game seed: 3863768570763491634, levelgen mode: deterministic

230 Groucho the Covered (level 5, 0/52 HPs)
             Began as a Minotaur Fighter on Nov 20, 2019.
             Was a Priest of Cheibriados.
             Impaled on a porcupine's spines (13 damage)
             ... in the Dungeon (Sprint VII: "The Pits").
             The game lasted 00:01:04 (353 turns).

Groucho the Covered (Minotaur Fighter)               Turns: 353, Time: 00:01:04

Health: 0/52       AC:  8    Str: 28    XL:     5   Next: 72%
Magic:  5/7        EV:  8    Int: 12    God:    Cheibriados [***...]
Gold:   0          SH: 12    Dex: 17    Spells: 4/4 levels left

rFire    . . .     SeeInvis .   a - +0 war axe
rCold    . . .     Gourm    .   c - +0 shield
rNeg     . . .     Faith    .   b - +0 scale mail
rPois    .         Spirit   .   (helmet restricted)
rElec    .         Reflect  .   (no cloak)
rCorr    .         Harm     .   (no gloves)
MR       .....     NoTele   +   (no boots)
Stlth    ..........             (no amulet)
HPRegen  0.17/turn              (no ring)
MPRegen  0.10/turn              (no ring)

@: very slow
A: retaliatory headbutt, horns 2
a: Bend Time, Temporal Distortion, Renounce Religion


You were in the Dungeon.
You worshipped Cheibriados.
Cheibriados was most pleased with you.
You were not hungry.

You visited 1 branch

Inventory:

Hand Weapons
 a - a +0 war axe (weapon)
 l - a +2 hand axe
 m - a +2 mace
Missiles
 r - 10 stones (quivered)
Armour
 b - a +0 scale mail (worn)
 c - a +0 shield (worn)
Scrolls
 k - a scroll of blinking
 o - 3 scrolls of remove curse
 p - 5 scrolls of amnesia
 q - a scroll of summoning
Potions
 d - a potion of might
 e - a potion of curing
 h - a potion of haste
 i - 4 potions of magic
 j - 3 potions of berserk rage
 n - 2 potions of invisibility
Comestibles
 f - 9 rations


   Skills:
 + Level 7.5 Fighting
 + Level 6.9 Axes
 + Level 7.5 Armour
 + Level 7.5 Shields
 + Level 4.4 Invocations


You had 4 spell levels left.
You didn't know any spells.
Your spell library was empty.

Dungeon Overview and Level Annotations

Branches:
Dungeon (1/1)

Altars:
Ashenzari
Cheibriados
Dithmenos
Elyvilon
Fedhas
Gozag
Hepliaklqana
Kikubaaqudgha
Makhleb
Nemelex Xobeh
Okawaru
Qazlal
Ru
Sif Muna
Trog
Uskayaw
Vehumet
Wu Jian
Xom
Yredelemnul
Zin
The Shining One
Beogh
Jiyva
Lugonu


Innate Abilities, Weirdness & Mutations

You reflexively headbutt those who attack you in melee.
You have a pair of horns on your head.


Message History

The ooze hits you.
You hit the ooze but do no damage.
You headbutt the ooze, but do no damage.
The ooze is severely wounded.
You hit the porcupine but do no damage. The porcupine bites you.
The ooze hits you.
You are too injured to fight recklessly!
You are too injured to fight recklessly!
You are too injured to fight recklessly!
Unknown command.
The porcupine bites you!
* * * LOW HITPOINT WARNING * * *
You block the porcupine's attack.
You slice the ooze!!
You kill the ooze!
Cheibriados thoroughly appreciates the change of pace.
You can now warp the flow of time around you.
Cheibriados raises the support of your attributes as your movement slows.
You are struck by the porcupine's spines.
You die...

##########.##.......
#...........'.......
+#####†#####......#
#...#.# #.......
#..†#.# ####'###
#...'.# #.......
##'#### #.......
#.....# #.......
#@r...# #...<...
#........ #.......
#........##.......
###########.......
########


You could see a porcupine.

Vanquished Creatures
  2 floating eyes (D)
  A worker ant (D)
  An ooze (D)
  2 leopard geckos (D)
  A bat (D)
  A frilled lizard (D)
8 creatures vanquished.

Notes
Turn   | Place    | Note
-------+----------+-------------------------------------------
     0 | D        | Groucho the Minotaur Fighter began the quest for the Orb.
     0 | D        | Reached XP level 1. HP: 19/19 MP: 0/0
    43 | D        | Found a bloodstained altar of Trog.
    43 | D        | Found a shimmering blue altar of Sif Muna.
    43 | D        | Found a viscous altar of Jiyva.
    43 | D        | Found a hazy altar of Hepliaklqana.
    43 | D        | Found an opulent altar of Gozag.
    44 | D        | Found a glowing golden altar of the Shining One.
    44 | D        | Found a glowing silver altar of Zin.
    44 | D        | Found a basalt altar of Yredelemnul.
    44 | D        | Found a shimmering altar of Xom.
    44 | D        | Found an ornate altar of the Wu Jian Council.
    44 | D        | Found a sacrificial altar of Ru.
    44 | D        | Found a stormy altar of Qazlal.
    44 | D        | Found an iron altar of Okawaru.
    44 | D        | Found a sparkling altar of Nemelex Xobeh.
    44 | D        | Found a burning altar of Makhleb.
    44 | D        | Found a blossoming altar of Fedhas.
    44 | D        | Found a white marble altar of Elyvilon.
    44 | D        | Found a shadowy altar of Dithmenos.
    44 | D        | Found a snail-covered altar of Cheibriados.
    46 | D        | Found a radiant altar of Vehumet.
    46 | D        | Found a corrupted altar of Lugonu.
    46 | D        | Found a roughly hewn altar of Beogh.
    47 | D        | Found a hide-covered altar of Uskayaw.
    47 | D        | Found an ancient bone altar of Kikubaaqudgha.
    47 | D        | Found a shattered altar of Ashenzari.
    57 | D        | Became a worshipper of Cheibriados the Contemplative
    72 | D        | Noticed a worker ant
    74 | D        | Killed a worker ant
    74 | D        | Reached skill level 5 in Fighting
    74 | D        | Reached skill level 5 in Armour
    74 | D        | Reached skill level 5 in Shields
    74 | D        | Reached XP level 2. HP: 29/29 MP: 1/1
    81 | D        | Reached * piety under Cheibriados
   204 | D        | Reached XP level 3. HP: 36/36 MP: 2/2
   207 | D        | Reached ** piety under Cheibriados
   208 | D        | Noticed a floating eye
   210 | D        | Killed a floating eye
   210 | D        | Reached skill level 5 in Axes
   210 | D        | Reached XP level 4. HP: 45/45 MP: 2/5
   343 | D        | Noticed a floating eye
   343 | D        | Noticed a porcupine
   348 | D        | Killed a floating eye
   348 | D        | Reached XP level 5. HP: 23/52 MP: 5/7
   353 | D        | Reached *** piety under Cheibriados
   353 | D        | Impaled on a porcupine's spines

Levels and vault maps discovered:
D:        pitsprint [storerooms_1, entrance_room_1, metal_vault_5, armoury_3,
          mini_pit_1, grid_room_1, main_hall_1, silver_pit, the_coven_1,
          the_vestibule_1, steel_vault_4, golden_pit, hallway_of_sentries,
          crystal_vault_3, iron_vault_1, final_vault]

Skill      XL: |  1  2  3  4 |
---------------+-------------+-----
Fighting       | 5 6 7 |  7.5
Axes           | 4 5 6 |  6.9
Armour         | 5 6 7 |  7.5
Shields        | 5 6 7 |  7.5
Invocations    | 3 4 |  4.4

Action                   |  1- 3 |  4- 6 || total
-------------------------+-------+-------++-------
Melee: War axe           |    14 |     7 ||    21
       Headbutt          |     1 |     1 ||     2
  Use: Potion            |       |     1 ||     1
Armor: Scale mail        |     7 |     3 ||    10
Dodge: Dodged            |     4 |     2 ||     6
Block: Shield            |     8 |     7 ||    15
